 Dungeon Crawl Stone Soup version 0.30-a0-722-g3e6e8c874d (webtiles) character file.

Game seed: 6391136389174248147

127 Shayle the Sneak (level 5, -2/32 HPs)
             Began as a Tengu Brigand on Jan 27, 2023.
             Killed by divine providence
             ... invoked by an orc priest
              (7 damage)
             ... on level 3 of the Dungeon.
             The game lasted 00:06:00 (1801 turns).

Shayle the Sneak (Tengu Brigand)                    Turns: 1801, Time: 00:06:02

Health: -2/32      AC:  3    Str: 11    XL:     5   Next: 11%
Magic:  6/6        EV: 15    Int: 13    God:
Gold:   73         SH:  0    Dex: 16    Spells: 4/4 levels left

rFire   . . .      SeeInvis .    a - +2 dagger
rCold   . . .      Faith    .    (no shield)
rNeg    . . .      Spirit   .    b - +0 robe
rPois   .          Reflect  .    (helmet restricted)
rElec   .          Harm     .    c - +0 cloak
rCorr   +          Rampage  .    (no gloves)
Will    .....                    (boots unavailable)
Stlth   +++                      (no amulet)
HPRegen 0.25/turn                l - ring of resist corrosion
MPRegen 0.10/turn                (no ring)

@: brilliant, flying quickly and evasively, quick
A: beak, talons 3, nimble flight
a: no special abilities


You were on level 3 of the Dungeon.
You visited 1 branch of the dungeon, and saw 3 of its levels.

You collected 73 gold pieces.

Inventory:

Hand Weapons
 a - a +2 dagger (weapon)
Missiles
 d - 18 poisoned darts (quivered)
 j - 2 curare-tipped darts
Armour
 b - a +0 robe (worn)
 c - a +0 cloak (worn)
Jewellery
 e - a ring of ice
 l - a ring of resist corrosion (left hand)
Wands
 k - a wand of polymorph (8)
Scrolls
 f - a scroll of identify {unknown}
 g - a scroll of amnesia {unknown}
 h - 3 scrolls of teleportation {unknown}
 i - a scroll of fog {unknown}
 o - a scroll of enchant weapon {unknown}
 q - a scroll of torment {unknown}
Potions
 m - a potion of might
 n - a potion of degeneration {unknown}


   Skills:
 + Level 3.3 Fighting
 - Level 2.1 Short Blades
 - Level 2.0 Throwing
 + Level 3.0 Dodging
 + Level 5.0 Stealth


You had 4 spell levels left.
You didn't know any spells.
Your spell library was empty.

Dungeon Overview and Level Annotations

Branches:
Dungeon (3/15)

Altars:
Trog


Innate Abilities, Weirdness & Mutations

You have a beak for a mouth.
You have claws for feet.
Your magical nature lets you fly swiftly and evasively.


Message History

You fly upwards.
There is a stone staircase leading down here.
You hit the orc but do no damage.
The orc is almost dead.
The orc closely misses you.
You hit the orc but do no damage. Your kick misses the orc.
The orc is almost dead.
The orc barely misses you.
You hit the orc but do no damage. Your kick misses the orc.
Your peck misses the orc.
The orc is almost dead.
The orc misses you.
You hit the orc but do no damage. You claw the orc, but do no damage.
The orc is almost dead.
The orc hits you with a +0 flail.
You hit the orc.
You kill the orc!
Things that are here:
a +0 flail; a +0 scale mail; an orc corpse You start resting.
HP restored.
Done exploring.
There is a stone staircase leading down here.
You fly downwards.
The orc priest mumbles some strange prayers to Beogh against you.
Beogh smites you! The hobgoblin hits you.
The orc priest calls down the wrath of Beogh upon you.
Beogh smites you!
Ouch! That really hurt!
* * * LOW HITPOINT WARNING * * *
The hobgoblin misses you. The orc misses you.
There is a stone staircase leading up here.
You are too injured to fight recklessly!
Okay, then.
It was a potion of brilliance.
You feel clever all of a sudden. The hobgoblin closely misses you.
The orc priest calls down the wrath of Beogh upon you.
Beogh smites you!
You die...

#### # ..#
.. #.# ...
#g## ....
#@o# ..o.#
##.#.....#
#...?o..g
#....#####.
#...##o..
#...#. .###
#.# # .# #
.# ..


You could see an orc priest, an orc and a hobgoblin.

Vanquished Creatures
  Natasha (thrice) (D:2)
  A gnoll (D:1)
  An adder (D:2)
  An orc (D:2)
  5 ball pythons (D:1)
  4 bats
  2 endoplasms
  2 giant cockroaches (D:2)
  5 goblins (D:1)
  5 hobgoblins
  A quokka (D:2)
  A frilled lizard (D:1)
  A kobold (D:1)
  A rat (D:3)
33 creatures vanquished.

Notes
Turn   | Place    | Note
-------+----------+-------------------------------------------
     0 | D:1      | Shayle the Tengu Brigand began the quest for the Orb.
     0 | D:1      | Reached XP level 1. HP: 12/12 MP: 2/2
   149 | D:1      | Reached XP level 2. HP: 17/17 MP: 3/3
   264 | D:1      | Reached XP level 3. HP: 5/22 MP: 4/4
   595 | D:1      | Found a faded altar of an unknown god.
   840 | D:2      | Found a bloodstained altar of Trog.
   859 | D:2      | Noticed Natasha
   868 | D:2      | Killed Natasha
   869 | D:2      | Reached XP level 4. HP: 21/27 MP: 5/5
  1077 | D:2      | Noticed Natasha
  1087 | D:2      | Killed Natasha
  1599 | D:2      | Noticed Natasha
  1607 | D:2      | Killed Natasha
  1608 | D:2      | Reached skill level 5 in Stealth
  1608 | D:2      | Gained mutation: Your magical nature lets you fly swiftly
                  | and evasively. [Tengu growth]
  1608 | D:2      | Reached XP level 5. HP: 17/32 MP: 6/6
  1801 | D:3      | Killed from afar by an orc priest

Illustrated notes

Levels and vault maps discovered:
D:1:      tekkud_arrival_beachfront_property, layout_loops_ring,
          dreamdust_ecumenical_altar_statues
D:2:      layout_basic, basic_altar, uniq_natasha
D:3:      layout_rooms

Skill      XL: |  1  2  3  4 |
---------------+-------------+-----
Dodging        | 2 3 |  3.0
Fighting       | 3 |  3.3
Stealth        | 5 |  5.0
Short Blades   | |  2.1
Throwing       | |  2.0

Action                     |  1- 3 |  4- 6 || total
---------------------------+-------+-------++-------
  Melee: Dagger            |    44 |    20 ||    64
         Kick              |     8 |     6 ||    14
         Peck              |     6 |       ||     6
         Punch             |       |     1 ||     1
  Throw: Dart              |     6 |    10 ||    16
    Use: Potion            |     1 |     1 ||     2
   Stab: Sleeping          |     5 |     3 ||     8
 Armour: Robe              |     9 |     5 ||    14
  Dodge: Dodged            |    16 |    12 ||    28

Table legend: (Time is in decaauts)
 A = Elapsed time spent in this place.
 B = Non-inter-level travel time spent in this place.
 C = Inter-level travel time spent in this place.
 D = Time resting spent in this place.
 E = Time spent auto-exploring this place.
 F = Levels seen in this place.
 G = Mean time per level.
                   A        B        C        D        E       F      G
               +--------+--------+--------+--------+--------+-----+--------+
         Total |   1786 |   1717 |     69 |    126 |   1222 |   3 |  595.3 |
       Dungeon |   1786 |   1717 |     69 |    126 |   1222 |   3 |  595.3 |
               +--------+--------+--------+--------+--------+-----+--------+

Top non-repeatable levels by time:
     D:2: 1024 daAuts
     D:1: 746 daAuts
     D:3: 15 daAuts
